 Dungeon Crawl Stone Soup version 0.22-a0-858-g985ef60 (webtiles) character file.

42 Amnesiac the Vexing (level 3, -14/24 HPs)
             Began as a Mummy Enchanter on July 27, 2018.
             Demolished by an ogre
             ... wielding a +0 giant club
              (21 damage)
             ... on level 4 of the Dungeon.
             The game lasted 00:04:26 (1816 turns).

Amnesiac the Vexing (Mummy Enchanter)               Turns: 1816, Time: 00:04:27

Health: -14/24     AC:  3    Str: 11    XL:     3   Next: 33%
Magic:  1/7        EV: 12    Int: 15    God:
Gold:   107        SH:  0    Dex: 12    Spells: 2/8 levels left

rFire    x . .     SeeInvis .   b - +0 hunting sling
rCold    + . .     Gourm    .   (no shield)
rNeg     + + +     Faith    .   f - +1 robe
rPois    ∞         Spirit   .   (no helmet)
rElec    .         Reflect  .   (no cloak)
rCorr    .         Harm     .   (no gloves)
MR       .....                  (no boots)
Stlth    ++........             (no amulet)
HPRegen  0.08/turn              (no ring)
MPRegen  0.10/turn              (no ring)

@: no status effects
A: no food or potions, fire vulnerability, cold resistance 1, negative energy
resistance 3, torment resistance, unbreathing
a: no special abilities


You were on level 4 of the Dungeon.
You were not hungry.

You visited 1 branch of the dungeon, and saw 4 of its levels.

You collected 107 gold pieces.

Inventory:

Hand Weapons
 a - a +1 dagger
 b - a +0 hunting sling (weapon)
Missiles
 e - 39 sling bullets (quivered)
Armour
 f - a +1 robe (worn)
Scrolls
 c - a scroll of identify {!r}
 g - a scroll of magic mapping {!r}


   Skills:
 - Level 1.0 Short Blades
 - Level 1.5 Dodging
 + Level 2.7 Stealth
 + Level 3.3 Spellcasting
 * Level 3.4 Hexes


You had 2 spell levels left.
You knew the following spells:

 Your Spells              Type           Power        Failure   Level  Hunger
a - Ensorcelled Hibernat  Hex/Ice        #.....       14%         2    N/A
d - Corona                Hex            ##.....      4%          1    N/A
e - Confuse               Hex            ##......     14%         3    N/A

Your spell library contained the following spells:

 Spells                   Type           Power        Failure   Level  Hunger
 Tukima's Dance           Hex            ##......     14%         3    N/A
 Dazzling Spray           Conj/Hex       #.....       28%         3    N/A

Dungeon Overview and Level Annotations

Branches:
Dungeon (4/15)
 Temple: D:4-7

Altars:

Annotations:
D:4 exclusions: 2 iguanas and scorpion


Innate Abilities, Weirdness & Mutations

You do not eat or drink.
Your flesh is vulnerable to fire.
You are immune to poison.
Your flesh is cold resistant. (rC+)
You are immune to negative energy. (rN+++)
You are immune to unholy pain and torment.
You can survive without breathing.


Message History

The giant cockroach resists with significant effort.
The giant cockroach bites you.
Unknown command.
Casting: Ensorcelled Hibernation (safe; 14% risk of failure)
Confirm with . or Enter, or press ? or * to list all spells.
Aiming: Ensorcelled Hibernation (safe; 14% risk of failure)
Press: ? - help, Shift-Dir - straight line, f/p - giant cockroach
Aim: a giant cockroach (clinging, chance to defeat MR: 56%)
The giant cockroach looks drowsy...
Unknown command.
Casting: Ensorcelled Hibernation (safe; 14% risk of failure)
Confirm with . or Enter, or press ? or * to list all spells.
You can't see any susceptible monsters within range! (Use Z to cast anyway.)
The helpless giant cockroach fails to defend itself.
You puncture the giant cockroach!
You kill the giant cockroach!
You start resting.
A gnoll comes into view. It is wielding a spear of venom.
A gnoll is nearby!
There is a stone staircase leading down here.
Wield which item (- for none, * to show all)? (? for menu, Esc to quit)
f - a +0 hunting sling (weapon)
Adjust (i)tems, (s)pells, or (a)bilities?
Adjust which item? (? for menu, Esc to quit)
f - a +0 hunting sling (weapon)
Adjust to which letter? (? for menu, Esc to quit)
b - a +0 hunting sling (weapon);
f - a +1 robe (worn)
Put on which piece of jewellery? (? for menu, Esc to quit)
d - a ring of positive energy (left hand)
You start resting.
HP restored.
Drop what? 7/52 slots (_ for help) (? for menu, Esc to quit)
You remove your ring of positive energy.
You drop an uncursed ring of positive energy.
Search for what [Enter for "sli", or ? for help]? bul Magic restored.
You see here a quarterstaff.
You see here 12 poisoned needles.
e - 39 sling bullets (gained 19) Search for what [Enter for "bul", or ? for help]?
You see here a quarterstaff.
There is a stone staircase leading up here.
There is a stone staircase leading down here.
You climb downwards.
Level annotation: exclusions: 2 iguanas and scorpion The ogre barely misses you.
The ogre hits you with a giant club!!
Ouch! That really hurt!
* * * LOW HITPOINT WARNING * * *
There is a stone staircase leading up here.
Casting: Ensorcelled Hibernation (safe; 14% risk of failure)
Confirm with . or Enter, or press ? or * to list all spells.
Aiming: Confuse (safe; 14% risk of failure)
Press: ? - help, Shift-Dir - straight line, f - ogre
Aim: an ogre, wielding a giant club (chance to defeat MR: 43%)
The ogre resists with some effort.
Unknown command.
Casting: Confuse (safe; 14% risk of failure)
Confirm with . or Enter, or press ? or * to list all spells.
Aiming: Confuse (safe; 14% risk of failure)
Press: ? - help, Shift-Dir - straight line, f/p - ogre
Aim: an ogre, wielding a giant club (chance to defeat MR: 43%)
The ogre resists with some effort.
The ogre hits you with a giant club!!
Ouch! That really hurt!
You die...

.....## ##.##
.......####...#
#......##.O.#
##.........###
#.........##
...........#####
..###..###....#
##.# ###O## ##.#
##@# #. ###..##
### #..#.....##
#.........#
#...##..##..# #
##..# #..# ##..#
#..# #.## .#
##.. ##.####..#
#...###......#


You could see an ogre.

Vanquished Creatures
  An adder (D:3)
  A dart slug (D:1)
  An orc (D:3)
  2 bats
  3 giant cockroaches
  3 hobgoblins
  A quokka (D:3)
  A ball python (D:2)
  5 frilled lizards
  6 goblins
  2 kobolds (D:1)
  2 rats (D:1)
28 creatures vanquished.

Notes
Turn   | Place    | Note
-------+----------+-------------------------------------------
     0 | D:1      | Amnesiac the Mummy Enchanter began the quest for the Orb.
     0 | D:1      | Reached XP level 1. HP: 13/13 MP: 4/4
   412 | D:1      | Reached skill level 1 in Short Blades
   487 | D:1      | Reached XP level 2. HP: 16/19 MP: 0/5
   507 | D:1      | Learned a level 2 spell: Ensorcelled Hibernation
  1203 | D:3      | Reached XP level 3. HP: 14/24 MP: 0/7
  1208 | D:3      | Learned a level 3 spell: Confuse
  1485 | D:4      | Noticed a scorpion
  1575 | D:4      | Noticed an ogre
  1816 | D:4      | Demolished by an ogre

Vault maps used:
D:1:      evilmike_arrival_crescent
D:2:      minmay_misc_feat_x, minmay_misc_feat_ornament
D:3:      nicolae_gozag_seed_capital, first_ration
D:4:      grunt_dithmenos_smoke_and_mirrors, nicolae_ru_path_of_blood,
          minmay_temple_entry_from_below_a

Skill      XL: |  1  2 |
---------------+-------+-----
Short Blades   | 1 |  1.0
Hexes          | 3 |  3.4
Spellcasting   | 3 |  3.3
Dodging        | |  1.5
Stealth        | |  2.7

Action                   || total
-------------------------++-------
Melee: Dagger            ||    50
 Cast: Corona            ||    12
       Ensorcelled Hiber ||    26
       Confuse           ||     5
  Use: Scroll            ||     4
 Stab: Sleeping          ||    18
Armor: Robe              ||    11
Dodge: Dodged            ||    26

Table legend:
 A = Spawn XP
 B = Non-spawn XP
 C = Spawn XP percentage of total XP
 D = Spawn monster count
 E = Non-spawn monster count
 F = Spawn count percentage of total count
 G = Total turns spent on level
                    A         B        C        D         E        F      G
               +---------+---------+-------+---------+---------+-------+---------
         Total |       0 |      60 |   0.0 |       0 |      28 |   0.0 |  1816
               +---------+---------+-------+---------+---------+-------+---------
           D:1 |       0 |      25 |   0.0 |       0 |      15 |   0.0 |   858
           D:2 |       0 |       4 |   0.0 |       0 |       3 |   0.0 |    98
           D:3 |       0 |      30 |   0.0 |       0 |       9 |   0.0 |   636
           D:4 |       0 |       1 |   0.0 |       0 |       1 |   0.0 |   224
               +---------+---------+-------+---------+---------+-------+---------
